Connexion

SAN JOSE Sharks vs DALLAS Stars

Created - 26 janvier 2024 at 05:47

Goals
1 2 3 T
SAN JOSE Sharks 0 1 1 2
DALLAS Stars 2 1 1 4
Shots
1 2 3 T
SAN JOSE Sharks 16 7 8 31
DALLAS Stars 6 13 7 26

GoalsPenalties
1st period
1. DALLAS Stars , Mikhail Sergachev 10 (Damon Severson 38, Dylan Cozens 30) at 0:15 (PP)
2. DALLAS Stars , Tyson Jost 12 (Ondrej Kase 21, Morgan Frost 9) at 7:45
Rasmus Ristolainen (S.J) for High sticking (Minor) at 0:11
Mikhail Sergachev (DAL) for Hooking (Minor) at 1:17
Mikhail Sergachev (DAL) for Roughing (Minor) at 11:08
Peyton Krebs (DAL) for Hooking (Minor) at 13:50
2nd period
3. SAN JOSE Sharks , Connor Brown 10 (Lucas Raymond 13, Mike Hoffman 22) at 7:50
4. DALLAS Stars , Damon Severson 11 (Sebastien Aho 42, Dylan Cozens 31) at 15:13 (PP)
Josh Anderson (S.J) for Cross-checking (Minor) at 14:27
Brendan Perlini (S.J) for Roughing (Minor) at 17:12
3rd period
5. DALLAS Stars , Reilly Smith 17 (Tomas Hertl 27) at 0:16
6. SAN JOSE Sharks , Josh Anderson 7 (Brendan Perlini 6, Erik Haula 8) at 8:21
Nathan Beaulieu (S.J) for Tripping (Minor) at 8:48
Goalie Stats
Jake Oettinger (S.J), 22 saves from 26 shots - (0,846), L, 18-26-4, 60:00 minutes
Joonas Korpisalo (DAL), 29 saves from 31 shots - (0,935), W, 24-24-1, 60:00 minutes
3 StarsOfficial
1 - Damon Severson (DAL)
2 - Tyson Jost (DAL)
3 - Dylan Cozens (DAL)
Referees : Dennis LaRue and Stephane Auger
Linesman : Greg Devorski and Michel Cormier
Game Note
No Game Note
Finance
Level 1 -- Attendance: 6000 (100,00%) -- Ticket Income $750,000
Level 2 -- Attendance: 5528 (99,93%) -- Ticket Income $414,600
Level 3 -- Attendance: 1985 (99,25%) -- Ticket Income $103,220
Level 4 -- Attendance: 3597 (89,93%) -- Ticket Income $129,492
Luxury Box -- Attendance: 1000 (100,00%) -- Ticket Income $245,000
Game was played at the American Airlines Center.
Total Attendance: 18110 (97,72%)
Total Ticket Income: $1,642,312
Other Income: $328,462
Total Income: $1,970,774



Team Name Goals Shots Shots Attemp Shots Blocked PIM HIT PP PK FO%
SAN JOSE Sharks 2316248180 / 3 (0%)256%
DALLAS Stars 4264486272 / 4 (50%)044%

SAN JOSE Sharks
Player Name POS G A P +/- PIM HIT SHT SB MP PP MP PP SHT PK MP PK SHT FO% FOT
Brendan PerliniLW/RW0111222012:230:0000:0000% 0
Brent GatesC/LW000001104:110:0000:0000% 0
Christian JarosD000-1021019:422:3811:3600% 0
Cody CeciD0001000013:050:0000:0000% 0
Connor BrownRW101-1012019:513:1600:0000% 3
Derek StepanC/LW/RW0000002022:282:2703:56053% 30
Erik HaulaC/LW0111000012:240:0000:00076% 17
Josh AndersonRW1011214012:230:0000:00025% 4
Lucas RaymondLW011-1006020:433:1620:52050% 2
Marcus PetterssonD0000000127:133:1903:1200% 0
Michael McLeodC000000004:110:0000:00080% 5
Mike HoffmanC/LW011-1024019:513:1610:00046% 24
Nathan BeaulieuD000-1210119:032:3800:5800% 0
Ondrej PalatLW0000007126:532:4133:56057% 7
Rasmus RistolainenD0000220127:083:1903:0800% 0
Tom WilsonRW0000032019:382:4100:520100% 3
Trent FredericC/LW000000000:140:1400:0000% 0
Vincent DesharnaisD0001030013:470:0000:4200% 0
DALLAS Stars
Player Name POS G A P +/- PIM HIT SHT SB MP PP MP PP SHT PK MP PK SHT FO% FOT
Damon SeversonD1120033226:262:3823:0800% 0
Darnell NurseD0000021021:222:1013:1300% 0
Dylan CozensC0220012019:542:4603:45136% 28
Gustav LindstromD0000031013:490:0001:3100% 0
John CarlsonD0000011117:112:1012:4300% 0
Mikhail SergachevD1010442324:492:3811:1500% 0
Morgan FrostC011100016:520:0000:00025% 8
Neal PionkD0000010016:210:0000:0400% 0
Ondrej KaseLW/RW011102007:240:0000:3200% 1
Peyton KrebsC/LW0000200012:360:0000:0000% 0
Rasmus KupariC/LW/RW0000030012:370:0000:00026% 19
Reilly SmithLW/RW101-1014020:372:0202:1200% 1
Rem PitlickC/LW/RW0000000012:370:0000:0000% 0
Sebastien AhoC/LW/RW0110021018:212:4602:120100% 3
Tomas HertlC/LW011-1013018:252:0200:00065% 31
Tyler BertuzziLW/RW000000000:000:0000:0000% 0
Tyson JostC/LW1011023026:142:4603:1300% 2
William KarlssonC/LW000-1015118:252:0200:000100% 2



Play-by-Play

1st period


0:01 of 1st period - Dylan Cozens wins face-off versus Derek Stepan in neutral zone.
0:10 of 1st period - Shot by Sebastien Aho.
0:10 of 1st period - Shot Blocked by Ondrej Palat.
0:11 of 1st period - Minor Penalty to Rasmus Ristolainen for High sticking.
0:12 of 1st period - Dylan Cozens wins face-off versus Ondrej Palat in SAN JOSE Sharks zone.
0:13 of 1st period - Shot by Damon Severson.
0:13 of 1st period - Shot Blocked by Marcus Pettersson.
0:15 of 1st period - Shot by Mikhail Sergachev.
0:15 of 1st period - Goal by Mikhail Sergachev - SAN JOSE Sharks : 0 - DALLAS Stars : 1.
0:16 of 1st period - Tomas Hertl wins face-off versus Mike Hoffman in neutral zone.
0:16 of 1st period - Tomas Hertl is hit by Connor Brown.
0:44 of 1st period - Shot by Lucas Raymond.
0:44 of 1st period - Stopped by Joonas Korpisalo without a rebound.
0:45 of 1st period - Erik Haula wins face-off versus Morgan Frost in DALLAS Stars zone.
0:45 of 1st period - Cody Ceci is hit by John Carlson and loses puck.
0:48 of 1st period - Shot by Cody Ceci.
0:48 of 1st period - Shot Hit the Post.
0:50 of 1st period - Shot by Brendan Perlini.
0:50 of 1st period - Stopped by Joonas Korpisalo without a rebound.
0:51 of 1st period - Dylan Cozens wins face-off versus Derek Stepan in DALLAS Stars zone.
0:51 of 1st period - Damon Severson is hit by Tom Wilson and loses puck.
1:06 of 1st period - Shot by Tom Wilson.
1:06 of 1st period - Shot Misses the Net.
1:08 of 1st period - Shot by Derek Stepan.
1:08 of 1st period - Stopped by Joonas Korpisalo with a rebound.
1:17 of 1st period - Minor Penalty to Mikhail Sergachev for Hooking.
1:18 of 1st period - Lucas Raymond wins face-off versus Dylan Cozens in DALLAS Stars zone.
1:28 of 1st period - Shot by Dylan Cozens.
1:28 of 1st period - Stopped by Jake Oettinger without a rebound.
1:29 of 1st period - Sebastien Aho wins face-off versus Derek Stepan in SAN JOSE Sharks zone.
1:38 of 1st period - Shot by Ondrej Palat.
1:38 of 1st period - Stopped by Joonas Korpisalo without a rebound.
1:39 of 1st period - Mike Hoffman wins face-off versus Dylan Cozens in DALLAS Stars zone.
1:39 of 1st period - Mike Hoffman is hit by Damon Severson.
2:59 of 1st period - Shot by Christian Jaros.
2:59 of 1st period - Stopped by Joonas Korpisalo without a rebound.
3:00 of 1st period - Sebastien Aho wins face-off versus Derek Stepan in DALLAS Stars zone.
3:19 of 1st period - Shot by Josh Anderson.
3:19 of 1st period - Stopped by Joonas Korpisalo with a rebound.
3:38 of 1st period - Shot by Josh Anderson.
3:38 of 1st period - Stopped by Joonas Korpisalo without a rebound.
3:39 of 1st period - Michael McLeod wins face-off versus Tomas Hertl in DALLAS Stars zone.
3:39 of 1st period - Christian Jaros is hit by Mikhail Sergachev and loses puck.
3:43 of 1st period - Ondrej Palat is hit by Mikhail Sergachev and loses puck.
3:48 of 1st period - Shot by Ondrej Palat.
3:48 of 1st period - Shot Misses the Net.
3:50 of 1st period - Shot by Brent Gates.
3:50 of 1st period - Stopped by Joonas Korpisalo without a rebound.
3:51 of 1st period - Derek Stepan wins face-off versus Dylan Cozens in DALLAS Stars zone.
4:13 of 1st period - Shot by Sebastien Aho.
4:13 of 1st period - Shot Misses the Net.
4:47 of 1st period - Shot by Lucas Raymond.
4:47 of 1st period - Shot Misses the Net.
5:17 of 1st period - Shot by Lucas Raymond.
5:17 of 1st period - Stopped by Joonas Korpisalo without a rebound.
5:18 of 1st period - Tomas Hertl wins face-off versus Erik Haula in DALLAS Stars zone.
5:33 of 1st period - Reilly Smith is hit by Josh Anderson and loses puck.
5:39 of 1st period - Off-side.
5:40 of 1st period - Michael McLeod wins face-off versus Rasmus Kupari in neutral zone.
7:06 of 1st period - Off-side.
7:07 of 1st period - Erik Haula wins face-off versus Morgan Frost in neutral zone.
7:18 of 1st period - Shot by Josh Anderson.
7:18 of 1st period - Deflect By Erik Haula.
7:18 of 1st period - Shot Blocked by Morgan Frost.
7:25 of 1st period - Icing by Neal Pionk.
7:26 of 1st period - Mike Hoffman wins face-off versus Ondrej Kase in DALLAS Stars zone.
7:45 of 1st period - Shot by Ondrej Kase.
7:45 of 1st period - Deflect By Tyson Jost.
7:45 of 1st period - Goal by Tyson Jost - SAN JOSE Sharks : 0 - DALLAS Stars : 2.
7:46 of 1st period - Tomas Hertl wins face-off versus Derek Stepan in neutral zone.
8:11 of 1st period - Shot by Ondrej Palat.
8:11 of 1st period - Shot Misses the Net.
8:13 of 1st period - Shot by Rasmus Ristolainen.
8:13 of 1st period - Shot Misses the Net.
8:19 of 1st period - Shot by Ondrej Palat.
8:19 of 1st period - Stopped by Joonas Korpisalo with a rebound.
8:21 of 1st period - Shot by Tom Wilson.
8:21 of 1st period - Shot Misses the Net.
8:27 of 1st period - Shot by Tom Wilson.
8:27 of 1st period - Shot Misses the Net.
8:29 of 1st period - Shot by Derek Stepan.
8:29 of 1st period - Shot Blocked by Mikhail Sergachev.
8:57 of 1st period - Shot by Connor Brown.
8:57 of 1st period - Stopped by Joonas Korpisalo without a rebound.
8:58 of 1st period - Erik Haula wins face-off versus Morgan Frost in DALLAS Stars zone.
8:58 of 1st period - Erik Haula is hit by Gustav Lindstrom.
9:27 of 1st period - Josh Anderson is hit by Gustav Lindstrom and loses puck.
9:39 of 1st period - Shot by Cody Ceci.
9:39 of 1st period - Shot Blocked by John Carlson.
9:42 of 1st period - Icing by John Carlson.
9:43 of 1st period - Morgan Frost wins face-off versus Derek Stepan in DALLAS Stars zone.
10:25 of 1st period - Icing by Rasmus Ristolainen.
10:26 of 1st period - Tomas Hertl wins face-off versus Derek Stepan in SAN JOSE Sharks zone.
10:38 of 1st period - Derek Stepan is hit by Mikhail Sergachev and loses puck.
11:04 of 1st period - Christian Jaros is hit by Tomas Hertl and loses puck.
11:08 of 1st period - Minor Penalty to Mikhail Sergachev for Roughing.
11:09 of 1st period - Mike Hoffman wins face-off versus Dylan Cozens in DALLAS Stars zone.
11:17 of 1st period - Mike Hoffman is hit by Darnell Nurse and loses puck.
12:30 of 1st period - Shot by Sebastien Aho.
12:30 of 1st period - Shot Hit the Post.
13:25 of 1st period - Icing by Vincent Desharnais.
13:26 of 1st period - William Karlsson wins face-off versus Erik Haula in SAN JOSE Sharks zone.
13:29 of 1st period - Shot by William Karlsson.
13:29 of 1st period - Stopped by Jake Oettinger without a rebound.
13:30 of 1st period - Rasmus Kupari wins face-off versus Josh Anderson in SAN JOSE Sharks zone.
13:40 of 1st period - Cody Ceci is hit by Neal Pionk and loses puck.
13:50 of 1st period - Minor Penalty to Peyton Krebs for Hooking.
13:51 of 1st period - Derek Stepan wins face-off versus Dylan Cozens in DALLAS Stars zone.
13:56 of 1st period - Shot by Ondrej Palat.
13:56 of 1st period - Stopped by Joonas Korpisalo without a rebound.
13:57 of 1st period - Tom Wilson wins face-off versus Dylan Cozens in DALLAS Stars zone.
14:07 of 1st period - Ondrej Palat is hit by Mikhail Sergachev and loses puck.
14:14 of 1st period - Shot by Tom Wilson.
14:14 of 1st period - Shot Blocked by Damon Severson.
14:16 of 1st period - Shot by Derek Stepan.
14:16 of 1st period - Shot Misses the Net.
14:56 of 1st period - Shot by Lucas Raymond.
14:56 of 1st period - Stopped by Joonas Korpisalo without a rebound.
14:57 of 1st period - Sebastien Aho wins face-off versus Mike Hoffman in DALLAS Stars zone.
15:16 of 1st period - Lucas Raymond is hit by Darnell Nurse.
15:30 of 1st period - Shot by Lucas Raymond.
15:30 of 1st period - Stopped by Joonas Korpisalo with a rebound.
15:32 of 1st period - Shot by Mike Hoffman.
15:32 of 1st period - Stopped by Joonas Korpisalo without a rebound.
15:33 of 1st period - Dylan Cozens wins face-off versus Derek Stepan in DALLAS Stars zone.
15:33 of 1st period - Damon Severson is hit by Tom Wilson and loses puck.
15:40 of 1st period - Shot by Ondrej Palat.
15:40 of 1st period - Stopped by Joonas Korpisalo without a rebound.
15:41 of 1st period - Derek Stepan wins face-off versus Dylan Cozens in DALLAS Stars zone.
16:21 of 1st period - Icing by Vincent Desharnais.
16:22 of 1st period - Josh Anderson wins face-off versus Reilly Smith in SAN JOSE Sharks zone.
16:22 of 1st period - Josh Anderson is hit by William Karlsson.
16:30 of 1st period - Icing by Reilly Smith.
16:31 of 1st period - Derek Stepan wins face-off versus Tomas Hertl in DALLAS Stars zone.
17:06 of 1st period - Shot by Reilly Smith.
17:06 of 1st period - Stopped by Jake Oettinger without a rebound.
17:07 of 1st period - Mike Hoffman wins face-off versus Dylan Cozens in SAN JOSE Sharks zone.
17:07 of 1st period - Mike Hoffman is hit by Dylan Cozens.
17:55 of 1st period - Connor Brown is hit by Tyson Jost and loses puck.
17:59 of 1st period - Icing by Connor Brown.
18:00 of 1st period - Tomas Hertl wins face-off versus Mike Hoffman in SAN JOSE Sharks zone.
18:21 of 1st period - Shot by Tomas Hertl.
18:21 of 1st period - Deflect By Reilly Smith.
18:21 of 1st period - Stopped by Jake Oettinger without a rebound.
18:22 of 1st period - Ondrej Palat wins face-off versus Rasmus Kupari in SAN JOSE Sharks zone.
18:58 of 1st period - Shot by Tom Wilson.
18:58 of 1st period - Shot Misses the Net.
19:01 of 1st period - Icing by Rem Pitlick.
19:02 of 1st period - Erik Haula wins face-off versus Rasmus Kupari in DALLAS Stars zone.
19:23 of 1st period - Icing by Gustav Lindstrom.
19:24 of 1st period - Michael McLeod wins face-off versus Rasmus Kupari in DALLAS Stars zone.
Goals for this period are 0 for SAN JOSE Sharks vs 2 for DALLAS Stars .
Shots for this period are 16 for SAN JOSE Sharks vs 6 for DALLAS Stars .

2nd period


0:01 of 2nd period - Derek Stepan wins face-off versus Dylan Cozens in neutral zone.
1:01 of 2nd period - Off-side.
1:02 of 2nd period - Tomas Hertl wins face-off versus Mike Hoffman in neutral zone.
1:10 of 2nd period - Icing by Nathan Beaulieu.
1:11 of 2nd period - Tomas Hertl wins face-off versus Mike Hoffman in SAN JOSE Sharks zone.
2:15 of 2nd period - Icing by John Carlson.
2:16 of 2nd period - Derek Stepan wins face-off versus Rasmus Kupari in DALLAS Stars zone.
2:22 of 2nd period - Icing by John Carlson.
2:23 of 2nd period - Derek Stepan wins face-off versus Rasmus Kupari in DALLAS Stars zone.
2:25 of 2nd period - Tom Wilson is hit by Gustav Lindstrom and loses puck.
2:32 of 2nd period - Marcus Pettersson is hit by Rasmus Kupari and loses puck.
2:55 of 2nd period - Shot by Gustav Lindstrom.
2:55 of 2nd period - Stopped by Jake Oettinger without a rebound.
2:56 of 2nd period - Erik Haula wins face-off versus Dylan Cozens in SAN JOSE Sharks zone.
3:44 of 2nd period - Icing by Damon Severson.
3:45 of 2nd period - Derek Stepan wins face-off versus Dylan Cozens in DALLAS Stars zone.
4:11 of 2nd period - Shot by William Karlsson.
4:11 of 2nd period - Stopped by Jake Oettinger without a rebound.
4:12 of 2nd period - Tomas Hertl wins face-off versus Mike Hoffman in SAN JOSE Sharks zone.
4:55 of 2nd period - Shot by Darnell Nurse.
4:55 of 2nd period - Shot Misses the Net.
4:57 of 2nd period - Shot by Tomas Hertl.
4:57 of 2nd period - Stopped by Jake Oettinger with a rebound.
5:14 of 2nd period - Gustav Lindstrom is hit by Rasmus Ristolainen.
5:39 of 2nd period - Shot by Ondrej Palat.
5:39 of 2nd period - Stopped by Joonas Korpisalo without a rebound.
5:40 of 2nd period - Dylan Cozens wins face-off versus Erik Haula in DALLAS Stars zone.
5:40 of 2nd period - Damon Severson is hit by Brendan Perlini.
5:44 of 2nd period - Shot by Sebastien Aho.
5:44 of 2nd period - Shot Misses the Net.
5:46 of 2nd period - Shot by Sebastien Aho.
5:46 of 2nd period - Shot Misses the Net.
5:48 of 2nd period - Shot by Mikhail Sergachev.
5:48 of 2nd period - Stopped by Jake Oettinger without a rebound.
5:49 of 2nd period - Erik Haula wins face-off versus Dylan Cozens in SAN JOSE Sharks zone.
6:06 of 2nd period - Shot by Erik Haula.
6:06 of 2nd period - Shot Misses the Net.
6:28 of 2nd period - Brendan Perlini is hit by Sebastien Aho.
6:50 of 2nd period - Icing by Ondrej Palat.
6:51 of 2nd period - Tom Wilson wins face-off versus Tomas Hertl in SAN JOSE Sharks zone.
7:18 of 2nd period - Icing by Neal Pionk.
7:19 of 2nd period - Tomas Hertl wins face-off versus Connor Brown in DALLAS Stars zone.
7:36 of 2nd period - Shot by Neal Pionk.
7:36 of 2nd period - Deflect By William Karlsson.
7:36 of 2nd period - Shot Misses the Net.
7:48 of 2nd period - Shot by Lucas Raymond.
7:48 of 2nd period - Shot Misses the Net.
7:50 of 2nd period - Shot by Connor Brown.
7:50 of 2nd period - Goal by Connor Brown - SAN JOSE Sharks : 1 - DALLAS Stars : 2.
7:51 of 2nd period - Derek Stepan wins face-off versus Morgan Frost in neutral zone.
7:56 of 2nd period - Shot by Tom Wilson.
7:56 of 2nd period - Stopped by Joonas Korpisalo without a rebound.
7:57 of 2nd period - Morgan Frost wins face-off versus Derek Stepan in DALLAS Stars zone.
8:27 of 2nd period - Shot by Derek Stepan.
8:27 of 2nd period - Stopped by Joonas Korpisalo without a rebound.
8:28 of 2nd period - Tomas Hertl wins face-off versus Mike Hoffman in DALLAS Stars zone.
8:34 of 2nd period - Shot by William Karlsson.
8:34 of 2nd period - Stopped by Jake Oettinger without a rebound.
8:35 of 2nd period - Mike Hoffman wins face-off versus Tomas Hertl in SAN JOSE Sharks zone.
8:53 of 2nd period - Neal Pionk is hit by Mike Hoffman and loses puck.
9:01 of 2nd period - Off-side.
9:02 of 2nd period - Dylan Cozens wins face-off versus Derek Stepan in neutral zone.
10:21 of 2nd period - Shot by Mike Hoffman.
10:21 of 2nd period - Shot Misses the Net.
10:39 of 2nd period - Shot by Mike Hoffman.
10:39 of 2nd period - Stopped by Joonas Korpisalo with a rebound.
10:57 of 2nd period - Shot by Brendan Perlini.
10:57 of 2nd period - Shot Misses the Net.
11:16 of 2nd period - Off-side.
11:17 of 2nd period - Tomas Hertl wins face-off versus Michael McLeod in neutral zone.
11:33 of 2nd period - Icing by Marcus Pettersson.
11:34 of 2nd period - Rasmus Kupari wins face-off versus Ondrej Palat in SAN JOSE Sharks zone.
11:43 of 2nd period - Shot by Ondrej Palat.
11:43 of 2nd period - Stopped by Joonas Korpisalo without a rebound.
11:44 of 2nd period - William Karlsson wins face-off versus Connor Brown in DALLAS Stars zone.
11:53 of 2nd period - Shot by Tomas Hertl.
11:53 of 2nd period - Stopped by Jake Oettinger without a rebound.
11:54 of 2nd period - Derek Stepan wins face-off versus Tomas Hertl in SAN JOSE Sharks zone.
12:50 of 2nd period - Icing by Tom Wilson.
12:51 of 2nd period - Derek Stepan wins face-off versus Rasmus Kupari in SAN JOSE Sharks zone.
13:44 of 2nd period - Shot by Damon Severson.
13:44 of 2nd period - Stopped by Jake Oettinger without a rebound.
13:45 of 2nd period - Tomas Hertl wins face-off versus Erik Haula in SAN JOSE Sharks zone.
13:47 of 2nd period - William Karlsson is hit by Vincent Desharnais and loses puck.
14:17 of 2nd period - Icing by Erik Haula.
14:18 of 2nd period - Erik Haula wins face-off versus Morgan Frost in SAN JOSE Sharks zone.
14:18 of 2nd period - Erik Haula is hit by Ondrej Kase.
14:27 of 2nd period - Minor Penalty to Josh Anderson for Cross-checking.
14:28 of 2nd period - Dylan Cozens wins face-off versus Ondrej Palat in SAN JOSE Sharks zone.
14:49 of 2nd period - Shot by Damon Severson.
14:49 of 2nd period - Shot Misses the Net.
15:13 of 2nd period - Shot by Damon Severson.
15:13 of 2nd period - Goal by Damon Severson - SAN JOSE Sharks : 1 - DALLAS Stars : 3.
15:14 of 2nd period - Tomas Hertl wins face-off versus Mike Hoffman in neutral zone.
15:30 of 2nd period - Shot by Tomas Hertl.
15:30 of 2nd period - Stopped by Jake Oettinger without a rebound.
15:31 of 2nd period - Rasmus Kupari wins face-off versus Josh Anderson in SAN JOSE Sharks zone.
15:31 of 2nd period - John Carlson is hit by Vincent Desharnais and loses puck.
15:51 of 2nd period - Off-side.
15:52 of 2nd period - Mike Hoffman wins face-off versus Morgan Frost in neutral zone.
15:52 of 2nd period - Mike Hoffman is hit by Ondrej Kase.
16:15 of 2nd period - Mike Hoffman is hit by Damon Severson and loses puck.
16:18 of 2nd period - Shot by Mike Hoffman.
16:18 of 2nd period - Shot Misses the Net.
16:20 of 2nd period - Shot by Lucas Raymond.
16:20 of 2nd period - Shot Blocked by Mikhail Sergachev.
16:51 of 2nd period - Icing by Nathan Beaulieu.
16:52 of 2nd period - Tomas Hertl wins face-off versus Derek Stepan in SAN JOSE Sharks zone.
16:54 of 2nd period - William Karlsson is hit by Christian Jaros and loses puck.
17:05 of 2nd period - Shot by Reilly Smith.
17:05 of 2nd period - Stopped by Jake Oettinger without a rebound.
17:06 of 2nd period - Erik Haula wins face-off versus Rasmus Kupari in SAN JOSE Sharks zone.
17:12 of 2nd period - Minor Penalty to Brendan Perlini for Roughing.
17:13 of 2nd period - Ondrej Palat wins face-off versus Tomas Hertl in SAN JOSE Sharks zone.
17:13 of 2nd period - Ondrej Palat is hit by Reilly Smith.
17:21 of 2nd period - Shot by John Carlson.
17:21 of 2nd period - Stopped by Jake Oettinger without a rebound.
17:22 of 2nd period - Ondrej Palat wins face-off versus Tomas Hertl in SAN JOSE Sharks zone.
17:57 of 2nd period - Shot by Tomas Hertl.
17:57 of 2nd period - Shot Misses the Net.
17:59 of 2nd period - Shot by Mikhail Sergachev.
17:59 of 2nd period - Shot Misses the Net.
18:01 of 2nd period - Shot by Damon Severson.
18:01 of 2nd period - Stopped by Jake Oettinger without a rebound.
18:02 of 2nd period - Dylan Cozens wins face-off versus Derek Stepan in SAN JOSE Sharks zone.
18:26 of 2nd period - Shot by John Carlson.
18:26 of 2nd period - Shot Blocked by Rasmus Ristolainen.
19:24 of 2nd period - Shot by Brendan Perlini.
19:24 of 2nd period - Shot Blocked by Mikhail Sergachev.
19:26 of 2nd period - Shot by Erik Haula.
19:26 of 2nd period - Shot Blocked by Damon Severson.
19:28 of 2nd period - Shot by Brendan Perlini.
19:28 of 2nd period - Stopped by Joonas Korpisalo without a rebound.
19:29 of 2nd period - Tomas Hertl wins face-off versus Mike Hoffman in DALLAS Stars zone.
19:52 of 2nd period - Shot by Tomas Hertl.
19:52 of 2nd period - Deflect By William Karlsson.
19:52 of 2nd period - Stopped by Jake Oettinger without a rebound.
19:53 of 2nd period - Erik Haula wins face-off versus Rasmus Kupari in SAN JOSE Sharks zone.
Goals for this period are 1 for SAN JOSE Sharks vs 1 for DALLAS Stars .
Shots for this period are 7 for SAN JOSE Sharks vs 13 for DALLAS Stars .

3rd period


0:01 of 3rd period - Derek Stepan wins face-off versus Dylan Cozens in neutral zone.
0:14 of 3rd period - Shot by Dylan Cozens.
0:14 of 3rd period - Stopped by Jake Oettinger without a rebound.
0:15 of 3rd period - Tomas Hertl wins face-off versus Connor Brown in SAN JOSE Sharks zone.
0:16 of 3rd period - Shot by Reilly Smith.
0:16 of 3rd period - Goal by Reilly Smith - SAN JOSE Sharks : 1 - DALLAS Stars : 4.
0:17 of 3rd period - Derek Stepan wins face-off versus Dylan Cozens in neutral zone.
1:35 of 3rd period - Shot by Neal Pionk.
1:35 of 3rd period - Shot Misses the Net.
1:45 of 3rd period - Shot by Connor Brown.
1:45 of 3rd period - Shot Misses the Net.
1:49 of 3rd period - Shot by Mike Hoffman.
1:49 of 3rd period - Stopped by Joonas Korpisalo without a rebound.
1:50 of 3rd period - Rasmus Kupari wins face-off versus Josh Anderson in DALLAS Stars zone.
1:50 of 3rd period - Rasmus Kupari is hit by Brendan Perlini.
2:25 of 3rd period - Erik Haula is hit by Rasmus Kupari and loses puck.
2:50 of 3rd period - Shot by Morgan Frost.
2:50 of 3rd period - Shot Misses the Net.
3:45 of 3rd period - Darnell Nurse is hit by Brent Gates and loses puck.
3:59 of 3rd period - Icing by Ondrej Palat.
4:00 of 3rd period - Michael McLeod wins face-off versus Rasmus Kupari in SAN JOSE Sharks zone.
4:12 of 3rd period - Michael McLeod is hit by Rasmus Kupari and loses puck.
4:56 of 3rd period - Icing by Lucas Raymond.
4:57 of 3rd period - Dylan Cozens wins face-off versus Mike Hoffman in SAN JOSE Sharks zone.
5:25 of 3rd period - Shot by Lucas Raymond.
5:25 of 3rd period - Stopped by Joonas Korpisalo without a rebound.
5:26 of 3rd period - Derek Stepan wins face-off versus Tomas Hertl in DALLAS Stars zone.
6:42 of 3rd period - Shot by Tyson Jost.
6:42 of 3rd period - Stopped by Jake Oettinger without a rebound.
6:43 of 3rd period - Mike Hoffman wins face-off versus Rasmus Kupari in SAN JOSE Sharks zone.
7:27 of 3rd period - Icing by Christian Jaros.
7:28 of 3rd period - Mike Hoffman wins face-off versus Dylan Cozens in SAN JOSE Sharks zone.
7:45 of 3rd period - Vincent Desharnais is hit by Tyson Jost and loses puck.
7:49 of 3rd period - Icing by Josh Anderson.
7:50 of 3rd period - Erik Haula wins face-off versus Tomas Hertl in SAN JOSE Sharks zone.
8:21 of 3rd period - Shot by Josh Anderson.
8:21 of 3rd period - Goal by Josh Anderson - SAN JOSE Sharks : 2 - DALLAS Stars : 4.
8:22 of 3rd period - Derek Stepan wins face-off versus Dylan Cozens in neutral zone.
8:29 of 3rd period - Shot by Ondrej Palat.
8:29 of 3rd period - Stopped by Joonas Korpisalo without a rebound.
8:30 of 3rd period - Dylan Cozens wins face-off versus Derek Stepan in DALLAS Stars zone.
8:30 of 3rd period - Dylan Cozens is hit by Tom Wilson.
8:41 of 3rd period - Shot by Ondrej Palat.
8:41 of 3rd period - Shot Misses the Net.
8:43 of 3rd period - Shot by Tom Wilson.
8:43 of 3rd period - Stopped by Joonas Korpisalo without a rebound.
8:44 of 3rd period - Tomas Hertl wins face-off versus Mike Hoffman in DALLAS Stars zone.
8:48 of 3rd period - Minor Penalty to Nathan Beaulieu for Tripping.
8:49 of 3rd period - Ondrej Palat wins face-off versus Dylan Cozens in SAN JOSE Sharks zone.
8:49 of 3rd period - Rasmus Ristolainen is hit by Sebastien Aho.
9:57 of 3rd period - Shot by Darnell Nurse.
9:57 of 3rd period - Stopped by Jake Oettinger without a rebound.
9:58 of 3rd period - Tom Wilson wins face-off versus Tomas Hertl in SAN JOSE Sharks zone.
10:09 of 3rd period - Shot by Reilly Smith.
10:09 of 3rd period - Shot Misses the Net.
10:11 of 3rd period - Shot by John Carlson.
10:11 of 3rd period - Shot Misses the Net.
10:59 of 3rd period - Shot by Mike Hoffman.
10:59 of 3rd period - Stopped by Joonas Korpisalo with a rebound.
12:00 of 3rd period - Shot by Brendan Perlini.
12:00 of 3rd period - Shot Misses the Net.
13:16 of 3rd period - Off-side.
13:17 of 3rd period - Tomas Hertl wins face-off versus Mike Hoffman in neutral zone.
13:40 of 3rd period - Shot by William Karlsson.
13:40 of 3rd period - Shot Blocked by Nathan Beaulieu.
14:20 of 3rd period - Icing by Brendan Perlini.
14:21 of 3rd period - Erik Haula wins face-off versus Dylan Cozens in SAN JOSE Sharks zone.
14:30 of 3rd period - Shot by Tyson Jost.
14:30 of 3rd period - Stopped by Jake Oettinger with a rebound.
14:32 of 3rd period - Shot by Dylan Cozens.
14:32 of 3rd period - Shot Misses the Net.
14:34 of 3rd period - Shot by Sebastien Aho.
14:34 of 3rd period - Stopped by Jake Oettinger without a rebound.
14:35 of 3rd period - Derek Stepan wins face-off versus Tyson Jost in SAN JOSE Sharks zone.
15:29 of 3rd period - Shot by Connor Brown.
15:29 of 3rd period - Shot Misses the Net.
15:36 of 3rd period - Tyson Jost is hit by Nathan Beaulieu and loses puck.
15:43 of 3rd period - Shot by Lucas Raymond.
15:43 of 3rd period - Stopped by Joonas Korpisalo without a rebound.
15:44 of 3rd period - Erik Haula wins face-off versus Tomas Hertl in DALLAS Stars zone.
15:57 of 3rd period - Shot by Josh Anderson.
15:57 of 3rd period - Stopped by Joonas Korpisalo without a rebound.
15:58 of 3rd period - Mike Hoffman wins face-off versus Rasmus Kupari in DALLAS Stars zone.
15:59 of 3rd period - Shot by Lucas Raymond.
15:59 of 3rd period - Deflect By Mike Hoffman.
15:59 of 3rd period - Shot Misses the Net.
16:02 of 3rd period - Icing by John Carlson.
16:03 of 3rd period - Mike Hoffman wins face-off versus Rasmus Kupari in DALLAS Stars zone.
16:07 of 3rd period - Icing by John Carlson.
16:08 of 3rd period - Mike Hoffman wins face-off versus Rasmus Kupari in DALLAS Stars zone.
16:34 of 3rd period - Off-side.
16:35 of 3rd period - Tomas Hertl wins face-off versus Derek Stepan in neutral zone.
16:45 of 3rd period - William Karlsson is hit by Christian Jaros and loses puck.
17:02 of 3rd period - Ondrej Palat is hit by Damon Severson and loses puck.
17:09 of 3rd period - Shot by Derek Stepan.
17:09 of 3rd period - Shot Misses the Net.
17:11 of 3rd period - Shot by Derek Stepan.
17:11 of 3rd period - Shot Blocked by William Karlsson.
17:15 of 3rd period - Shot by Tom Wilson.
17:15 of 3rd period - Shot Misses the Net.
17:17 of 3rd period - Shot by Ondrej Palat.
17:17 of 3rd period - Shot Misses the Net.
17:26 of 3rd period - Icing by Reilly Smith.
17:27 of 3rd period - Tomas Hertl wins face-off versus Mike Hoffman in DALLAS Stars zone.
17:57 of 3rd period - Tyson Jost is hit by Rasmus Ristolainen and loses puck.
18:01 of 3rd period - Darnell Nurse is hit by Mike Hoffman and loses puck.
18:13 of 3rd period - Icing by Marcus Pettersson.
18:14 of 3rd period - Rasmus Kupari wins face-off versus Lucas Raymond in SAN JOSE Sharks zone.
19:11 of 3rd period - Shot by William Karlsson.
19:11 of 3rd period - Stopped by Jake Oettinger without a rebound.
19:12 of 3rd period - Erik Haula wins face-off versus Tyson Jost in SAN JOSE Sharks zone.
19:45 of 3rd period - Damon Severson is hit by Vincent Desharnais and loses puck.
Goals for this period are 1 for SAN JOSE Sharks vs 1 for DALLAS Stars .
Shots for this period are 8 for SAN JOSE Sharks vs 7 for DALLAS Stars .